Connexion

Thunderbirds vs Wolf Pack

Created - 4 octobre 2023 at 05:46

Goals
1 2 3 T
Thunderbirds 2 6 3 11
Wolf Pack 1 1 1 3
Shots
1 2 3 T
Thunderbirds 7 17 16 40
Wolf Pack 13 3 11 27

GoalsPenalties
1st period
1. Thunderbirds , Bobby Nardella 1 (Stefan Noesen 13, Michael Chaput 9) at 0:18
2. Thunderbirds , Noel Acciari 7 (Austin Poganski 10) at 9:59
3. Wolf Pack , Joe Thornton 12 (Cole Bardreau 14, Daniel Walcott 14) at 13:35
Libor Sulak (SPR) for Hooking (Minor) at 15:57
2nd period
4. Thunderbirds , Alex Belzile 9 (Bobby Nardella 11, Stefan Noesen 14) at 0:30
5. Thunderbirds , Austin Poganski 7 (Noel Acciari 12) at 6:06
6. Thunderbirds , Paul Stastny 12 (C.J. Smith 18, Logan O'Connor 14) at 6:34
7. Wolf Pack , Joe Thornton 13 (Tyler Wotherspoon 7, Jeremy Bracco 13) at 11:03
8. Thunderbirds , Austin Poganski 8 (Noel Acciari 13, Nolan Vesey 5) at 14:51
9. Thunderbirds , Bobby Nardella 2 (Stefan Noesen 15, Alex Belzile 16) at 17:47 (PP)
10. Thunderbirds , Alex Belzile 10 (Stefan Noesen 16, Libor Sulak 7) at 19:31
Luke Witkowski (HAR) for Holding (Minor) at 17:14
3rd period
11. Wolf Pack , Nick Lappin 5 (Shane Bowers 6, Michael Kapla 11) at 4:04
12. Thunderbirds , C.J. Smith 8 (Logan O'Connor 15, Paul Stastny 15) at 6:44 (PP)
13. Thunderbirds , Alex Belzile 11 (Michael Chaput 10, Stefan Noesen 17) at 9:25
14. Thunderbirds , Stefan Noesen 7 (Libor Sulak 8, Alex Belzile 17) at 9:48
Tyler Wotherspoon (HAR) for Holding (Minor) at 6:27
Brad Richardson (HAR) for Hooking (Minor) at 12:34
Stuart Percy (SPR) for Roughing (Minor) at 17:08
Goalie Stats
Andrew D'Agostini (SPR), 24 saves from 27 shots - (0,889), W, 10-9-2, 60:00 minutes
Landon Bow (HAR), 22 saves from 29 shots - (0,759), L, 2-5-2, 46:35 minutes
Dillon Kelley (HAR), 7 saves from 11 shots - (0,636), 13:25 minutes
3 StarsOfficial
1 - Alex Belzile (SPR)
2 - Stefan Noesen (SPR)
3 - Bobby Nardella (SPR)
Referees : Justin StPierre and Dean Morton
Linesman : Brad Kovachik and Jay Sharrers
Game Note
Dillon Kelley enters game at 6:06 of 2nd period
Landon Bow enters game at 19:31 of 2nd period
Alex Belzile has scored a Hat Trick!
Finance
Level 1 -- Attendance: 1987 (99,35%) -- Ticket Income 69 545 $
Level 2 -- Attendance: 944 (94,40%) -- Ticket Income 14 160 $
Total Attendance: 2931 (97,70%)
Total Ticket Income: 83 705 $
Other Income: 16 741 $
Total Income: 100 446 $



Team Name Goals Shots Shots Attemp Shots Blocked PIM HIT PP PK FO%
Thunderbirds 114072114252 / 3 (67%)045%
Wolf Pack 3275486230 / 2 (0%)255%

Thunderbirds
Player Name POS G A P +/- PIM HIT SHT SB MP PP MP PP SHT PK MP PK SHT FO% FOT
Aaron HarstadD0000011017:520:0002:0800% 0
Alex BelzileC/RW3254006021:001:5400:50031% 29
Austin PoganskiRW2133004113:450:0000:0000% 1
Bobby NardellaD2135015121:041:2711:1800% 0
C.J. SmithLW112-1024018:560:5510:000100% 1
Chris WidemanD0001022323:151:2212:0800% 0
Dawson LeedahlLW000000003:110:0000:0000% 0
Libor SulakD0225220319:521:2700:4200% 0
Logan O'ConnorRW0220027021:330:5502:3100% 1
Lucas ElvenesC000000001:090:0000:0000% 0
Michael ChaputC/LW0224031020:361:5410:260100% 3
Noel AcciariC/RW1233021014:160:0000:31075% 16
Nolan VeseyLW/RW0113010014:020:0000:170100% 1
Paul StastnyC112-1004023:290:5502:31041% 32
Sergei BoikovD0000021116:260:1000:3200% 0
Stefan NoesenRW1564004121:001:5400:5000% 0
Stelio MattheosC/RW000001003:110:0000:00025% 4
Stuart PercyD0000260121:231:1201:0800% 0
Wolf Pack
Player Name POS G A P +/- PIM HIT SHT SB MP PP MP PP SHT PK MP PK SHT FO% FOT
Ben HolmstromC/RW000-2002018:402:4100:00061% 18
Brad RichardsonC/LW/RW000-2240018:431:1700:000100% 2
Cole BardreauC/RW0110030015:560:0001:020100% 3
Daniel WalcottD011-2021120:461:1301:4800% 0
Dave GustRW000-2005020:231:1721:3900% 1
Emile PoirierLW/RW000-2001119:122:4100:3200% 0
Jeremy BraccoLW/RW0110001015:020:0000:0800% 0
Joe ThorntonC2020003014:540:0000:00053% 15
Luke WitkowskiRW000-2244019:092:4110:300100% 1
Matt DonovanD000-2030122:402:4501:0100% 0
Michael KaplaD011-2002116:380:0000:0400% 0
Nick LappinC/RW101-200104:530:0000:00088% 8
Santerri SaariD000-2011216:340:0000:0000% 0
Seth HelgesonD000-2020020:461:1301:4800% 0
Shane BowersC/RW011-201204:530:0000:0000% 1
Ty RonningRW000000000:150:0200:000100% 1
Tyler WotherspoonD011-2202122:352:4510:5700% 0
Zac Dalpe C/LW/RW000-4032125:091:1501:47039% 38



Play-by-Play

1st period


0:01 of 1st period - Paul Stastny wins face-off versus Zac Dalpe in neutral zone.
0:08 of 1st period - Shot by Logan O'Connor.
0:08 of 1st period - Stopped by Landon Bow without a rebound.
0:09 of 1st period - Alex Belzile wins face-off versus Ben Holmstrom in Wolf Pack zone.
0:16 of 1st period - Shot by Michael Chaput.
0:16 of 1st period - Deflect By Stefan Noesen.
0:16 of 1st period - Stopped by Landon Bow with a rebound.
0:18 of 1st period - Shot by Bobby Nardella.
0:18 of 1st period - Goal by Bobby Nardella - Thunderbirds : 1 - Wolf Pack : 0.
0:19 of 1st period - Noel Acciari wins face-off versus Joe Thornton in neutral zone.
0:26 of 1st period - Austin Poganski is hit by Santerri Saari and loses puck.
0:40 of 1st period - Jeremy Bracco is hit by Aaron Harstad and loses puck.
0:43 of 1st period - Shot by Joe Thornton.
0:43 of 1st period - Shot Misses the Net.
1:00 of 1st period - Off-side.
1:01 of 1st period - Zac Dalpe wins face-off versus Paul Stastny in neutral zone.
1:18 of 1st period - Shot by Paul Stastny.
1:18 of 1st period - Shot Blocked by Matt Donovan.
1:30 of 1st period - Off-side.
1:31 of 1st period - Ben Holmstrom wins face-off versus Alex Belzile in neutral zone.
1:54 of 1st period - Shot by Emile Poirier.
1:54 of 1st period - Deflect By Luke Witkowski.
1:54 of 1st period - Shot Misses the Net.
2:02 of 1st period - Shot by Luke Witkowski.
2:02 of 1st period - Stopped by Andrew D'Agostini without a rebound.
2:03 of 1st period - Nick Lappin wins face-off versus Stelio Mattheos in Thunderbirds zone.
2:03 of 1st period - Shane Bowers is hit by Stuart Percy.
2:09 of 1st period - Shot by Shane Bowers.
2:09 of 1st period - Stopped by Andrew D'Agostini without a rebound.
2:10 of 1st period - Zac Dalpe wins face-off versus Paul Stastny in Thunderbirds zone.
2:40 of 1st period - Icing by Matt Donovan.
2:41 of 1st period - Alex Belzile wins face-off versus Zac Dalpe in Wolf Pack zone.
2:42 of 1st period - Shot by Stefan Noesen.
2:42 of 1st period - Shot Misses the Net.
2:53 of 1st period - Icing by Tyler Wotherspoon.
2:54 of 1st period - Zac Dalpe wins face-off versus Noel Acciari in Wolf Pack zone.
2:54 of 1st period - Zac Dalpe is hit by Nolan Vesey.
3:22 of 1st period - Luke Witkowski is hit by Noel Acciari and loses puck.
3:38 of 1st period - Shot by Emile Poirier.
3:38 of 1st period - Shot Blocked by Sergei Boikov.
4:17 of 1st period - Shot by Santerri Saari.
4:17 of 1st period - Stopped by Andrew D'Agostini without a rebound.
4:18 of 1st period - Nick Lappin wins face-off versus Paul Stastny in Thunderbirds zone.
4:21 of 1st period - Shot by Zac Dalpe .
4:21 of 1st period - Stopped by Andrew D'Agostini without a rebound.
4:22 of 1st period - Paul Stastny wins face-off versus Shane Bowers in Thunderbirds zone.
4:22 of 1st period - Paul Stastny is hit by Zac Dalpe .
4:25 of 1st period - C.J. Smith is hit by Zac Dalpe and loses puck.
4:40 of 1st period - Nick Lappin is hit by Logan O'Connor and loses puck.
5:23 of 1st period - Shot by Joe Thornton.
5:23 of 1st period - Shot Misses the Net.
6:25 of 1st period - Shot by Ben Holmstrom.
6:25 of 1st period - Shot Misses the Net.
6:27 of 1st period - Shot by Emile Poirier.
6:27 of 1st period - Shot Misses the Net.
6:29 of 1st period - Shot by Ben Holmstrom.
6:29 of 1st period - Stopped by Andrew D'Agostini with a rebound.
6:42 of 1st period - Off-side.
6:43 of 1st period - Michael Chaput wins face-off versus Zac Dalpe in neutral zone.
7:02 of 1st period - Bobby Nardella is hit by Brad Richardson and loses puck.
7:08 of 1st period - Dave Gust is hit by Libor Sulak and loses puck.
8:14 of 1st period - Aaron Harstad is hit by Matt Donovan and loses puck.
8:26 of 1st period - Michael Chaput is hit by Matt Donovan and loses puck.
8:35 of 1st period - Shot by Michael Chaput.
8:35 of 1st period - Shot Misses the Net.
8:37 of 1st period - Shot by Stefan Noesen.
8:37 of 1st period - Shot Misses the Net.
9:01 of 1st period - Stefan Noesen is hit by Luke Witkowski and loses puck.
9:53 of 1st period - Off-side.
9:54 of 1st period - Noel Acciari wins face-off versus Nick Lappin in neutral zone.
9:59 of 1st period - Shot by Noel Acciari.
9:59 of 1st period - Goal by Noel Acciari - Thunderbirds : 2 - Wolf Pack : 0.
10:00 of 1st period - Noel Acciari wins face-off versus Joe Thornton in neutral zone.
10:00 of 1st period - Nolan Vesey is hit by Daniel Walcott and loses puck.
11:00 of 1st period - Shot by Logan O'Connor.
11:00 of 1st period - Stopped by Landon Bow without a rebound.
11:01 of 1st period - Zac Dalpe wins face-off versus Alex Belzile in Wolf Pack zone.
11:08 of 1st period - Shot by Zac Dalpe .
11:08 of 1st period - Stopped by Andrew D'Agostini with a rebound.
11:20 of 1st period - Shot by Dave Gust.
11:20 of 1st period - Shot Misses the Net.
11:22 of 1st period - Shot by Zac Dalpe .
11:22 of 1st period - Shot Misses the Net.
12:09 of 1st period - Santerri Saari is hit by Stelio Mattheos and loses puck.
12:21 of 1st period - Off-side.
12:22 of 1st period - Noel Acciari wins face-off versus Ben Holmstrom in neutral zone.
12:27 of 1st period - Shot by Austin Poganski.
12:27 of 1st period - Shot Misses the Net.
12:48 of 1st period - Shot by Austin Poganski.
12:48 of 1st period - Stopped by Landon Bow without a rebound.
12:49 of 1st period - Joe Thornton wins face-off versus Alex Belzile in Wolf Pack zone.
13:07 of 1st period - Icing by Jeremy Bracco.
13:08 of 1st period - Joe Thornton wins face-off versus Logan O'Connor in Wolf Pack zone.
13:27 of 1st period - Shot by Jeremy Bracco.
13:27 of 1st period - Shot Misses the Net.
13:33 of 1st period - Shot by Cole Bardreau.
13:33 of 1st period - Shot Misses the Net.
13:35 of 1st period - Shot by Joe Thornton.
13:35 of 1st period - Goal by Joe Thornton - Thunderbirds : 2 - Wolf Pack : 1.
13:36 of 1st period - Ben Holmstrom wins face-off versus Alex Belzile in neutral zone.
13:52 of 1st period - Shot by Alex Belzile.
13:52 of 1st period - Stopped by Landon Bow without a rebound.
13:53 of 1st period - Zac Dalpe wins face-off versus Stelio Mattheos in Wolf Pack zone.
14:09 of 1st period - Santerri Saari is hit by Stuart Percy and loses puck.
15:19 of 1st period - Shot by Luke Witkowski.
15:19 of 1st period - Stopped by Andrew D'Agostini without a rebound.
15:20 of 1st period - Noel Acciari wins face-off versus Joe Thornton in Thunderbirds zone.
15:55 of 1st period - Noel Acciari is hit by Cole Bardreau and loses puck.
15:57 of 1st period - Minor Penalty to Libor Sulak for Hooking.
15:58 of 1st period - Ben Holmstrom wins face-off versus Paul Stastny in Thunderbirds zone.
16:27 of 1st period - Shot by Tyler Wotherspoon.
16:27 of 1st period - Shot Blocked by Chris Wideman.
17:07 of 1st period - Stefan Noesen is hit by Brad Richardson and loses puck.
17:21 of 1st period - Zac Dalpe is hit by Chris Wideman and loses puck.
18:07 of 1st period - Shot by Cole Bardreau.
18:07 of 1st period - Shot Blocked by Austin Poganski.
18:09 of 1st period - Shot by Cole Bardreau.
18:09 of 1st period - Shot Misses the Net.
18:11 of 1st period - Shot by Michael Kapla.
18:11 of 1st period - Stopped by Andrew D'Agostini with a rebound.
18:13 of 1st period - Shot by Joe Thornton.
18:13 of 1st period - Stopped by Andrew D'Agostini with a rebound.
18:15 of 1st period - Shot by Jeremy Bracco.
18:15 of 1st period - Shot Blocked by Libor Sulak.
18:17 of 1st period - Shot by Michael Kapla.
18:17 of 1st period - Stopped by Andrew D'Agostini without a rebound.
18:18 of 1st period - Nick Lappin wins face-off versus Alex Belzile in Thunderbirds zone.
18:53 of 1st period - Icing by Aaron Harstad.
18:54 of 1st period - Joe Thornton wins face-off versus Alex Belzile in Thunderbirds zone.
18:59 of 1st period - Shot by Daniel Walcott.
18:59 of 1st period - Stopped by Andrew D'Agostini with a rebound.
19:29 of 1st period - Shot by Joe Thornton.
19:29 of 1st period - Shot Misses the Net.
19:59 of 1st period - Shot by Tyler Wotherspoon.
19:59 of 1st period - Stopped by Andrew D'Agostini without a rebound.
Goals for this period are 2 for Thunderbirds vs 1 for Wolf Pack.
Shots for this period are 7 for Thunderbirds vs 13 for Wolf Pack.

2nd period


0:01 of 2nd period - Paul Stastny wins face-off versus Zac Dalpe in neutral zone.
0:16 of 2nd period - Shot by Logan O'Connor.
0:16 of 2nd period - Stopped by Landon Bow without a rebound.
0:17 of 2nd period - Luke Witkowski wins face-off versus Alex Belzile in Wolf Pack zone.
0:30 of 2nd period - Shot by Alex Belzile.
0:30 of 2nd period - Goal by Alex Belzile - Thunderbirds : 3 - Wolf Pack : 1.
0:31 of 2nd period - Zac Dalpe wins face-off versus Paul Stastny in neutral zone.
1:14 of 2nd period - Icing by Brad Richardson.
1:15 of 2nd period - Zac Dalpe wins face-off versus Alex Belzile in Wolf Pack zone.
1:15 of 2nd period - Zac Dalpe is hit by Michael Chaput.
1:36 of 2nd period - Stefan Noesen is hit by Luke Witkowski and loses puck.
2:55 of 2nd period - Shot by Nolan Vesey.
2:55 of 2nd period - Shot Misses the Net.
3:05 of 2nd period - Shot by C.J. Smith.
3:05 of 2nd period - Shot Blocked by Emile Poirier.
3:40 of 2nd period - Paul Stastny is hit by Daniel Walcott and loses puck.
3:55 of 2nd period - Libor Sulak is hit by Luke Witkowski and loses puck.
4:09 of 2nd period - Off-side.
4:10 of 2nd period - Noel Acciari wins face-off versus Zac Dalpe in neutral zone.
4:29 of 2nd period - Shot by Austin Poganski.
4:29 of 2nd period - Stopped by Landon Bow without a rebound.
4:30 of 2nd period - Joe Thornton wins face-off versus Alex Belzile in Wolf Pack zone.
4:44 of 2nd period - Icing by Chris Wideman.
4:45 of 2nd period - Alex Belzile wins face-off versus Zac Dalpe in Thunderbirds zone.
5:08 of 2nd period - Shot by Dave Gust.
5:08 of 2nd period - Stopped by Andrew D'Agostini with a rebound.
5:10 of 2nd period - Shot by Brad Richardson.
5:10 of 2nd period - Shot Misses the Net.
5:12 of 2nd period - Shot by Zac Dalpe .
5:12 of 2nd period - Shot Blocked by Stuart Percy.
5:20 of 2nd period - Shot by Dave Gust.
5:20 of 2nd period - Shot Blocked by Chris Wideman.
5:32 of 2nd period - Stuart Percy is hit by Zac Dalpe and loses puck.
5:40 of 2nd period - Icing by Stefan Noesen.
5:41 of 2nd period - Joe Thornton wins face-off versus Alex Belzile in Thunderbirds zone.
5:43 of 2nd period - Jeremy Bracco is hit by Stuart Percy and loses puck.
6:04 of 2nd period - Shot by Bobby Nardella.
6:04 of 2nd period - Stopped by Landon Bow without a rebound.
6:05 of 2nd period - Noel Acciari wins face-off versus Zac Dalpe in Wolf Pack zone.
6:06 of 2nd period - Shot by Austin Poganski.
6:06 of 2nd period - Goal by Austin Poganski - Thunderbirds : 4 - Wolf Pack : 1.
6:06 of 2nd period - Dillon Kelley enters game.
6:07 of 2nd period - Nick Lappin wins face-off versus Paul Stastny in neutral zone.
6:07 of 2nd period - Shane Bowers is hit by C.J. Smith and loses puck.
6:21 of 2nd period - Paul Stastny is hit by Shane Bowers and loses puck.
6:30 of 2nd period - Shot by Logan O'Connor.
6:30 of 2nd period - Stopped by Dillon Kelley with a rebound.
6:32 of 2nd period - Shot by C.J. Smith.
6:32 of 2nd period - Shot Blocked by Michael Kapla.
6:34 of 2nd period - Shot by Paul Stastny.
6:34 of 2nd period - Goal by Paul Stastny - Thunderbirds : 5 - Wolf Pack : 1.
6:35 of 2nd period - Cole Bardreau wins face-off versus Noel Acciari in neutral zone.
6:47 of 2nd period - Shot by Cole Bardreau.
6:47 of 2nd period - Shot Misses the Net.
6:57 of 2nd period - Shot by Jeremy Bracco.
6:57 of 2nd period - Shot Misses the Net.
7:12 of 2nd period - Jeremy Bracco is hit by Sergei Boikov.
7:36 of 2nd period - Noel Acciari is hit by Brad Richardson.
8:08 of 2nd period - Shot by Bobby Nardella.
8:08 of 2nd period - Stopped by Dillon Kelley with a rebound.
8:10 of 2nd period - Shot by C.J. Smith.
8:10 of 2nd period - Stopped by Dillon Kelley with a rebound.
8:14 of 2nd period - Shot by Paul Stastny.
8:14 of 2nd period - Stopped by Dillon Kelley without a rebound.
8:15 of 2nd period - Ben Holmstrom wins face-off versus Alex Belzile in Wolf Pack zone.
9:20 of 2nd period - Luke Witkowski is hit by Libor Sulak and loses puck.
9:35 of 2nd period - Shot by Cole Bardreau.
9:35 of 2nd period - Shot Blocked by Libor Sulak.
9:37 of 2nd period - Shot by Jeremy Bracco.
9:37 of 2nd period - Stopped by Andrew D'Agostini without a rebound.
9:38 of 2nd period - Stelio Mattheos wins face-off versus Zac Dalpe in Thunderbirds zone.
9:45 of 2nd period - Icing by Seth Helgeson.
9:46 of 2nd period - Zac Dalpe wins face-off versus Noel Acciari in Wolf Pack zone.
11:03 of 2nd period - Shot by Joe Thornton.
11:03 of 2nd period - Goal by Joe Thornton - Thunderbirds : 5 - Wolf Pack : 2.
11:04 of 2nd period - Nick Lappin wins face-off versus Paul Stastny in neutral zone.
11:13 of 2nd period - Shot by Paul Stastny.
11:13 of 2nd period - Stopped by Dillon Kelley with a rebound.
11:15 of 2nd period - Shot by C.J. Smith.
11:15 of 2nd period - Shot Misses the Net.
11:17 of 2nd period - Shot by Chris Wideman.
11:17 of 2nd period - Shot Misses the Net.
11:52 of 2nd period - Off-side.
11:53 of 2nd period - Ben Holmstrom wins face-off versus Alex Belzile in neutral zone.
11:55 of 2nd period - Tyler Wotherspoon is hit by Sergei Boikov and loses puck.
13:17 of 2nd period - Icing by Nolan Vesey.
13:18 of 2nd period - Noel Acciari wins face-off versus Zac Dalpe in Thunderbirds zone.
13:29 of 2nd period - Shot by Noel Acciari.
13:29 of 2nd period - Shot Misses the Net.
13:31 of 2nd period - Shot by Bobby Nardella.
13:31 of 2nd period - Stopped by Dillon Kelley without a rebound.
13:32 of 2nd period - Paul Stastny wins face-off versus Ben Holmstrom in Wolf Pack zone.
14:36 of 2nd period - Seth Helgeson is hit by Noel Acciari and loses puck.
14:51 of 2nd period - Shot by Austin Poganski.
14:51 of 2nd period - Goal by Austin Poganski - Thunderbirds : 6 - Wolf Pack : 2.
14:52 of 2nd period - Zac Dalpe wins face-off versus Alex Belzile in neutral zone.
15:18 of 2nd period - Icing by Michael Kapla.
15:19 of 2nd period - Noel Acciari wins face-off versus Zac Dalpe in Wolf Pack zone.
16:12 of 2nd period - Shot by Paul Stastny.
16:12 of 2nd period - Shot Misses the Net.
16:19 of 2nd period - Paul Stastny is hit by Cole Bardreau and loses puck.
17:06 of 2nd period - Alex Belzile is hit by Seth Helgeson and loses puck.
17:14 of 2nd period - Minor Penalty to Luke Witkowski for Holding.
17:15 of 2nd period - Alex Belzile wins face-off versus Zac Dalpe in Wolf Pack zone.
17:42 of 2nd period - Alex Belzile is hit by Seth Helgeson and loses puck.
17:47 of 2nd period - Shot by Bobby Nardella.
17:47 of 2nd period - Goal by Bobby Nardella - Thunderbirds : 7 - Wolf Pack : 2.
17:48 of 2nd period - Noel Acciari wins face-off versus Ben Holmstrom in neutral zone.
17:59 of 2nd period - Shot by Austin Poganski.
17:59 of 2nd period - Shot Hit the Post.
18:03 of 2nd period - Shot by Aaron Harstad.
18:03 of 2nd period - Shot Misses the Net.
19:07 of 2nd period - Off-side.
19:08 of 2nd period - Michael Chaput wins face-off versus Zac Dalpe in neutral zone.
19:23 of 2nd period - Shot by Alex Belzile.
19:23 of 2nd period - Stopped by Dillon Kelley with a rebound.
19:25 of 2nd period - Shot by Libor Sulak.
19:25 of 2nd period - Shot Misses the Net.
19:27 of 2nd period - Shot by Alex Belzile.
19:27 of 2nd period - Shot Blocked by Tyler Wotherspoon.
19:29 of 2nd period - Shot by Stefan Noesen.
19:29 of 2nd period - Shot Misses the Net.
19:31 of 2nd period - Shot by Alex Belzile.
19:31 of 2nd period - Goal by Alex Belzile - Thunderbirds : 8 - Wolf Pack : 2.
19:31 of 2nd period - Landon Bow enters game.
19:32 of 2nd period - Joe Thornton wins face-off versus Stelio Mattheos in neutral zone.
19:54 of 2nd period - Shot by Aaron Harstad.
19:54 of 2nd period - Stopped by Landon Bow without a rebound.
19:55 of 2nd period - Brad Richardson wins face-off versus Alex Belzile in Wolf Pack zone.
Goals for this period are 6 for Thunderbirds vs 1 for Wolf Pack.
Shots for this period are 17 for Thunderbirds vs 3 for Wolf Pack.

3rd period


0:01 of 3rd period - Paul Stastny wins face-off versus Dave Gust in neutral zone.
0:19 of 3rd period - Icing by Brad Richardson.
0:20 of 3rd period - Alex Belzile wins face-off versus Zac Dalpe in Wolf Pack zone.
0:29 of 3rd period - Shot by Stefan Noesen.
0:29 of 3rd period - Stopped by Landon Bow with a rebound.
1:30 of 3rd period - Icing by Emile Poirier.
1:31 of 3rd period - Paul Stastny wins face-off versus Ben Holmstrom in Wolf Pack zone.
1:34 of 3rd period - Shot by C.J. Smith.
1:34 of 3rd period - Stopped by Landon Bow without a rebound.
1:35 of 3rd period - C.J. Smith wins face-off versus Joe Thornton in Wolf Pack zone.
2:14 of 3rd period - Shot by C.J. Smith.
2:14 of 3rd period - Shot Blocked by Santerri Saari.
2:35 of 3rd period - Dave Gust is hit by Stuart Percy and loses puck.
2:45 of 3rd period - Brad Richardson is hit by Chris Wideman and loses puck.
2:52 of 3rd period - Shot by Dave Gust.
2:52 of 3rd period - Shot Blocked by Chris Wideman.
3:02 of 3rd period - Icing by Chris Wideman.
3:03 of 3rd period - Ben Holmstrom wins face-off versus Paul Stastny in Thunderbirds zone.
3:03 of 3rd period - Ben Holmstrom is hit by Stuart Percy.
4:02 of 3rd period - Shot by Shane Bowers.
4:02 of 3rd period - Stopped by Andrew D'Agostini with a rebound.
4:04 of 3rd period - Shot by Nick Lappin.
4:04 of 3rd period - Goal by Nick Lappin - Thunderbirds : 8 - Wolf Pack : 3.
4:05 of 3rd period - Joe Thornton wins face-off versus Austin Poganski in neutral zone.
4:22 of 3rd period - Shot by Nolan Vesey.
4:22 of 3rd period - Shot Misses the Net.
4:30 of 3rd period - Shot by Sergei Boikov.
4:30 of 3rd period - Stopped by Landon Bow without a rebound.
4:31 of 3rd period - Zac Dalpe wins face-off versus Alex Belzile in Wolf Pack zone.
4:33 of 3rd period - Icing by Brad Richardson.
4:34 of 3rd period - Michael Chaput wins face-off versus Zac Dalpe in Wolf Pack zone.
4:37 of 3rd period - Shot by Alex Belzile.
4:37 of 3rd period - Stopped by Landon Bow without a rebound.
4:38 of 3rd period - Zac Dalpe wins face-off versus Alex Belzile in Wolf Pack zone.
4:38 of 3rd period - Zac Dalpe is hit by Michael Chaput.
5:05 of 3rd period - Shot by Dave Gust.
5:05 of 3rd period - Shot Blocked by Libor Sulak.
5:09 of 3rd period - Shot by Dave Gust.
5:09 of 3rd period - Shot Blocked by Stefan Noesen.
5:13 of 3rd period - Shot by Dave Gust.
5:13 of 3rd period - Stopped by Andrew D'Agostini with a rebound.
5:37 of 3rd period - Noel Acciari is hit by Luke Witkowski and loses puck.
5:51 of 3rd period - Off-side.
5:52 of 3rd period - Paul Stastny wins face-off versus Joe Thornton in neutral zone.
5:57 of 3rd period - Shot by C.J. Smith.
5:57 of 3rd period - Stopped by Landon Bow without a rebound.
5:58 of 3rd period - Joe Thornton wins face-off versus Paul Stastny in Wolf Pack zone.
5:58 of 3rd period - Joe Thornton is hit by C.J. Smith.
6:05 of 3rd period - Off-side.
6:06 of 3rd period - Nick Lappin wins face-off versus Paul Stastny in neutral zone.
6:27 of 3rd period - Minor Penalty to Tyler Wotherspoon for Holding.
6:28 of 3rd period - Alex Belzile wins face-off versus Zac Dalpe in Wolf Pack zone.
6:40 of 3rd period - Off-side.
6:41 of 3rd period - Paul Stastny wins face-off versus Zac Dalpe in neutral zone.
6:44 of 3rd period - Shot by Logan O'Connor.
6:44 of 3rd period - Deflect By C.J. Smith.
6:44 of 3rd period - Goal by C.J. Smith - Thunderbirds : 9 - Wolf Pack : 3.
6:45 of 3rd period - Ben Holmstrom wins face-off versus Paul Stastny in neutral zone.
6:47 of 3rd period - Tyler Wotherspoon is hit by Stuart Percy.
6:49 of 3rd period - Shot by Emile Poirier.
6:49 of 3rd period - Deflect By Ben Holmstrom.
6:49 of 3rd period - Stopped by Andrew D'Agostini without a rebound.
6:50 of 3rd period - Paul Stastny wins face-off versus Zac Dalpe in Thunderbirds zone.
7:05 of 3rd period - Shot by Chris Wideman.
7:05 of 3rd period - Stopped by Landon Bow without a rebound.
7:06 of 3rd period - Alex Belzile wins face-off versus Ben Holmstrom in Wolf Pack zone.
7:11 of 3rd period - Shot by Stefan Noesen.
7:11 of 3rd period - Shot Blocked by Daniel Walcott.
7:23 of 3rd period - Shot by Emile Poirier.
7:23 of 3rd period - Shot Misses the Net.
7:25 of 3rd period - Shot by Luke Witkowski.
7:25 of 3rd period - Shot Blocked by Bobby Nardella.
7:31 of 3rd period - Shot by Emile Poirier.
7:31 of 3rd period - Stopped by Andrew D'Agostini without a rebound.
7:32 of 3rd period - Zac Dalpe wins face-off versus Paul Stastny in Thunderbirds zone.
7:33 of 3rd period - Shot by Dave Gust.
7:33 of 3rd period - Stopped by Andrew D'Agostini without a rebound.
7:34 of 3rd period - Brad Richardson wins face-off versus Paul Stastny in Thunderbirds zone.
7:45 of 3rd period - Shot by Logan O'Connor.
7:45 of 3rd period - Stopped by Landon Bow with a rebound.
7:47 of 3rd period - Shot by Logan O'Connor.
7:47 of 3rd period - Stopped by Landon Bow without a rebound.
7:48 of 3rd period - Ben Holmstrom wins face-off versus Alex Belzile in Wolf Pack zone.
8:16 of 3rd period - Shot by Luke Witkowski.
8:16 of 3rd period - Stopped by Andrew D'Agostini without a rebound.
8:17 of 3rd period - Zac Dalpe wins face-off versus Paul Stastny in Thunderbirds zone.
8:35 of 3rd period - Icing by Paul Stastny.
8:36 of 3rd period - Paul Stastny wins face-off versus Joe Thornton in Thunderbirds zone.
8:38 of 3rd period - Chris Wideman is hit by Cole Bardreau and loses puck.
8:43 of 3rd period - Shot by Logan O'Connor.
8:43 of 3rd period - Shot Misses the Net.
8:45 of 3rd period - Shot by C.J. Smith.
8:45 of 3rd period - Shot Blocked by Santerri Saari.
9:07 of 3rd period - Shot by Paul Stastny.
9:07 of 3rd period - Shot Misses the Net.
9:23 of 3rd period - Shot by Stefan Noesen.
9:23 of 3rd period - Shot Misses the Net.
9:25 of 3rd period - Shot by Michael Chaput.
9:25 of 3rd period - Deflect By Alex Belzile.
9:25 of 3rd period - Goal by Alex Belzile - Thunderbirds : 10 - Wolf Pack : 3.
9:26 of 3rd period - Noel Acciari wins face-off versus Zac Dalpe in neutral zone.
9:38 of 3rd period - Icing by Matt Donovan.
9:39 of 3rd period - Alex Belzile wins face-off versus Zac Dalpe in Wolf Pack zone.
9:40 of 3rd period - Shot by Stefan Noesen.
9:40 of 3rd period - Stopped by Landon Bow without a rebound.
9:41 of 3rd period - Alex Belzile wins face-off versus Zac Dalpe in Wolf Pack zone.
9:42 of 3rd period - Shot by Libor Sulak.
9:42 of 3rd period - Shot Misses the Net.
9:44 of 3rd period - Shot by Libor Sulak.
9:44 of 3rd period - Shot Misses the Net.
9:48 of 3rd period - Shot by Stefan Noesen.
9:48 of 3rd period - Goal by Stefan Noesen - Thunderbirds : 11 - Wolf Pack : 3.
9:49 of 3rd period - Paul Stastny wins face-off versus Zac Dalpe in neutral zone.
9:51 of 3rd period - C.J. Smith is hit by Brad Richardson and loses puck.
9:55 of 3rd period - Paul Stastny is hit by Matt Donovan.
10:17 of 3rd period - Shot by Paul Stastny.
10:17 of 3rd period - Stopped by Landon Bow without a rebound.
10:18 of 3rd period - Ben Holmstrom wins face-off versus Alex Belzile in Wolf Pack zone.
10:18 of 3rd period - Ben Holmstrom is hit by Michael Chaput.
11:32 of 3rd period - Shot by Paul Stastny.
11:32 of 3rd period - Shot Misses the Net.
11:34 of 3rd period - Shot by C.J. Smith.
11:34 of 3rd period - Shot Misses the Net.
11:42 of 3rd period - Shot by Paul Stastny.
11:42 of 3rd period - Shot Misses the Net.
11:51 of 3rd period - Icing by Tyler Wotherspoon.
11:52 of 3rd period - Noel Acciari wins face-off versus Zac Dalpe in Wolf Pack zone.
12:32 of 3rd period - Zac Dalpe is hit by Bobby Nardella and loses puck.
12:34 of 3rd period - Minor Penalty to Brad Richardson for Hooking.
12:35 of 3rd period - Cole Bardreau wins face-off versus Alex Belzile in Wolf Pack zone.
13:14 of 3rd period - Shot by Chris Wideman.
13:14 of 3rd period - Stopped by Landon Bow without a rebound.
13:15 of 3rd period - Paul Stastny wins face-off versus Zac Dalpe in Wolf Pack zone.
14:23 of 3rd period - Shot by Michael Chaput.
14:23 of 3rd period - Stopped by Landon Bow without a rebound.
14:24 of 3rd period - Cole Bardreau wins face-off versus Paul Stastny in Wolf Pack zone.
14:24 of 3rd period - Cole Bardreau is hit by Logan O'Connor.
14:37 of 3rd period - Icing by Nolan Vesey.
14:38 of 3rd period - Nolan Vesey wins face-off versus Joe Thornton in Thunderbirds zone.
15:32 of 3rd period - Shot by Logan O'Connor.
15:32 of 3rd period - Stopped by Landon Bow with a rebound.
15:34 of 3rd period - Shot by C.J. Smith.
15:34 of 3rd period - Shot Hit the Post.
16:01 of 3rd period - Icing by Logan O'Connor.
16:02 of 3rd period - Nick Lappin wins face-off versus Paul Stastny in Thunderbirds zone.
16:35 of 3rd period - Shot by Stefan Noesen.
16:35 of 3rd period - Shot Misses the Net.
16:39 of 3rd period - Shot by Alex Belzile.
16:39 of 3rd period - Shot Blocked by Zac Dalpe .
17:08 of 3rd period - Minor Penalty to Stuart Percy for Roughing.
17:09 of 3rd period - Ben Holmstrom wins face-off versus Paul Stastny in Thunderbirds zone.
17:48 of 3rd period - Shot by Ben Holmstrom.
17:48 of 3rd period - Shot Misses the Net.
18:21 of 3rd period - Shot by Brad Richardson.
18:21 of 3rd period - Deflect By Dave Gust.
18:21 of 3rd period - Stopped by Andrew D'Agostini without a rebound.
18:22 of 3rd period - Ben Holmstrom wins face-off versus Alex Belzile in Thunderbirds zone.
18:25 of 3rd period - Shot by Luke Witkowski.
18:25 of 3rd period - Stopped by Andrew D'Agostini without a rebound.
18:26 of 3rd period - Ty Ronning wins face-off versus Paul Stastny in Thunderbirds zone.
18:27 of 3rd period - Shot by Dave Gust.
18:27 of 3rd period - Stopped by Andrew D'Agostini without a rebound.
18:28 of 3rd period - Zac Dalpe wins face-off versus Paul Stastny in Thunderbirds zone.
18:29 of 3rd period - Shot by Tyler Wotherspoon.
18:29 of 3rd period - Stopped by Andrew D'Agostini without a rebound.
18:30 of 3rd period - Paul Stastny wins face-off versus Ben Holmstrom in Thunderbirds zone.
19:41 of 3rd period - Off-side.
19:42 of 3rd period - Zac Dalpe wins face-off versus Noel Acciari in neutral zone.
Goals for this period are 3 for Thunderbirds vs 1 for Wolf Pack.
Shots for this period are 16 for Thunderbirds vs 11 for Wolf Pack.